 Dungeon Crawl Stone Soup version 0.28.0-49-g6dfe1f597d (webtiles) character file.

Game seed: 6567492811583395169

424 issech the Carver (level 6, -1/51 HPs)
             Began as a Gnoll Wanderer on May 18, 2022.
             Slain by a water moccasin (3 damage)
             ... in a sewer.
             The game lasted 00:12:34 (3935 turns).

issech the Carver (Gnoll Wanderer)                  Turns: 3935, Time: 00:12:35

Health: -1/51      AC:  7    Str: 10    XL:     6   Next: 96%
Magic:  9/9        EV: 10    Int: 11    God:
Gold:   158        SH:  0    Dex: 15    Spells: 9/9 levels left

rFire   . . .      SeeInvis +   v - +2 mace (drain)
rCold   . . .      Faith    .   (no shield)
rNeg    . . .      Spirit   .   s - +0 ring mail
rPois   .          Reflect  .   w - +1 helmet {SInv}
rElec   .          Harm     .   (no cloak)
rCorr   .          Rampage  .   (no gloves)
Will    +....                   (no boots)
Stlth   ++........              (no amulet)
HPRegen 0.17/turn               C - ring of willpower
MPRegen 0.11/turn               (no ring)

@: lethally poisoned (-1 -> -22)
A: fangs 1, strong nose, distributed training
a: no special abilities


You were in a sewer.
You visited 1 branch of the dungeon, and saw 4 of its levels.
You also visited: Sewer.

You collected 158 gold pieces.

Inventory:

Hand Weapons
 a - a +2 falchion
 e - a +2 short sword of holy wrath
 i - a +1 mace of holy wrath
 v - a +2 mace of draining (weapon)
 x - a +2 dagger of venom
 y - a +0 long sword
Missiles
 k - 46 bolts
 o - 2 poisoned darts
 q - 56 stones
 r - 4 boomerangs (quivered)
 t - 84 arrows
Armour
 s - a +0 ring mail (worn)
 w - a +1 helmet of see invisible (worn)
Jewellery
 C - a ring of willpower (left hand)
Wands
 u - a wand of polymorph (7)
Scrolls
 b - a scroll of blinking {unknown}
 c - a scroll of fear {unknown}
 l - a scroll of teleportation
 m - 3 scrolls of summoning {unknown}
 p - a scroll of immolation {unknown}
 B - a scroll of identify {unknown}
 D - a scroll of enchant weapon {unknown}
Potions
 d - a potion of cancellation {unknown}
 g - a potion of attraction {unknown}
 j - 2 potions of curing {unknown}
 n - a potion of lignification {unknown}
 A - 2 potions of haste {unknown}


   Skills:
 + Level 5.1 Fighting
 + Level 2.2 Short Blades
 + Level 8.8 Long Blades
 + Level 2.2 Axes
 + Level 2.2 Maces & Flails
 + Level 2.2 Polearms
 + Level 6.9 Staves
 + Level 2.2 Slings
 + Level 2.2 Bows
 + Level 2.2 Crossbows
 + Level 2.2 Throwing
 + Level 2.2 Armour
 + Level 2.2 Dodging
 + Level 3.2 Stealth
 + Level 2.2 Shields
 + Level 2.2 Unarmed Combat
 + Level 2.2 Spellcasting
 + Level 1.7 Conjurations
 + Level 1.7 Hexes
 + Level 1.7 Summonings
 + Level 1.7 Necromancy
 + Level 1.7 Translocations
 + Level 1.7 Transmutations
 + Level 1.7 Fire Magic
 + Level 1.7 Ice Magic
 + Level 1.7 Air Magic
 + Level 1.7 Earth Magic
 + Level 1.7 Poison Magic
 + Level 2.4 Invocations
 + Level 2.2 Evocations


You had 9 spell levels left.
You didn't know any spells.
Your spell library was empty.

Dungeon Overview and Level Annotations

Branches:
Dungeon (4/15)              Sewer (1/1)
 Temple: D:4-7

Altars:

Annotations:
D:2 Natasha


Innate Abilities, Weirdness & Mutations

You have very sharp teeth.
Your uncanny sense of smell can sniff out nearby items.
Your experience applies equally to all skills.


Message History

The water moccasin bites you but does no damage.
You throw a boomerang. The boomerang hits the water moccasin.
The water moccasin is lightly wounded.
The water moccasin bites you.
You miss the water moccasin.
The water moccasin is lightly wounded.
The water moccasin bites you but does no damage. x2
You completely miss the water moccasin. Your bite misses the water moccasin.
The water moccasin is lightly wounded.
The water moccasin misses you. The water moccasin bites you.
You miss the water moccasin.
The water moccasin is lightly wounded.
The water moccasin bites you. x2
You are poisoned.
The water moccasin poisons you!
You closely miss the water moccasin.
You bite the water moccasin, but do no damage.
The water moccasin is lightly wounded.
You feel very sick. The water moccasin bites you.
You are more poisoned.
The water moccasin poisons you! The water moccasin closely misses you.
You barely miss the water moccasin.
The water moccasin is lightly wounded.
You feel very sick. The water moccasin barely misses you.
You closely miss the water moccasin. Your bite misses the water moccasin.
The water moccasin is lightly wounded.
You feel very sick. The water moccasin closely misses you.
The water moccasin bites you!
* * * LOW HITPOINT WARNING * * *
You barely miss the water moccasin. Your bite misses the water moccasin.
The water moccasin is lightly wounded.
* * * LOW HITPOINT WARNING * * *
You feel very sick. The water moccasin bites you.
* * * LOW HITPOINT WARNING * * *
You are more poisoned.
The water moccasin poisons you! The water moccasin bites you.
You die...

#.≈≈#
≈..#
#.≈##
#≈.# #..#
..# #..#
..# #.≈##
.# #...#
##..## .#
#..≈#...#
##@....#
#S≈≈..#
##.≈.##
≈.≈# ∆
#.#.! ∆∆
.#/[# ##
##


You could see a water moccasin.

Vanquished Creatures
  A necrophage (D:3)
  A sky beast (D:3)
  Jessica (D:3)
  Natasha (twice) (D:2)
  An orc wizard (D:3)
  Robin (D:3)
  6 adders
  An adder skeleton (D:3)
  A worm (D:2)
  3 orcs (D:3)
  4 bats
  4 endoplasms
  6 giant cockroaches
  12 goblins
  9 hobgoblins
  6 jackals
  3 kobolds
  2 quokkas
  2 ball pythons (D:3)
  3 frilled lizards
  7 rats
76 creatures vanquished.

Notes
Turn   | Place    | Note
-------+----------+-------------------------------------------
     0 | D:1      | issech the Gnoll Wanderer began the quest for the Orb.
     0 | D:1      | issech set off with the following items: a +2 falchion, a
                  | +0 quarterstaff, a +0 helmet, a +0 leather armour
     0 | D:1      | Reached XP level 1. HP: 20/20 MP: 1/1
    72 | D:1      | Found a faded altar of an unknown god.
   332 | D:1      | Reached XP level 2. HP: 26/26 MP: 2/2
  1113 | D:2      | Reached XP level 3. HP: 22/31 MP: 2/4
  1324 | D:2      | Reached skill level 1 in Invocations
  1519 | D:2      | Reached skill level 1 in Short Blades
  1519 | D:2      | Reached skill level 1 in Axes
  1519 | D:2      | Reached skill level 1 in Maces & Flails
  1519 | D:2      | Reached skill level 1 in Polearms
  1519 | D:2      | Reached skill level 1 in Slings
  1519 | D:2      | Reached skill level 1 in Bows
  1519 | D:2      | Reached skill level 1 in Crossbows
  1519 | D:2      | Reached skill level 1 in Throwing
  1519 | D:2      | Reached skill level 1 in Armour
  1519 | D:2      | Reached skill level 1 in Dodging
  1519 | D:2      | Reached skill level 1 in Shields
  1519 | D:2      | Reached skill level 1 in Unarmed Combat
  1519 | D:2      | Reached skill level 1 in Spellcasting
  1519 | D:2      | Reached skill level 1 in Evocations
  1810 | D:2      | Reached XP level 4. HP: 38/38 MP: 5/5
  1896 | D:2      | Noticed Natasha
  1908 | D:2      | Killed Natasha
  1909 | D:2      | Reached skill level 1 in Conjurations
  1909 | D:2      | Reached skill level 1 in Hexes
  1909 | D:2      | Reached skill level 1 in Summonings
  1909 | D:2      | Reached skill level 1 in Necromancy
  1909 | D:2      | Reached skill level 1 in Translocations
  1909 | D:2      | Reached skill level 1 in Transmutations
  1909 | D:2      | Reached skill level 1 in Fire Magic
  1909 | D:2      | Reached skill level 1 in Ice Magic
  1909 | D:2      | Reached skill level 1 in Air Magic
  1909 | D:2      | Reached skill level 1 in Earth Magic
  1909 | D:2      | Reached skill level 1 in Poison Magic
  2216 | D:2      | Noticed Natasha
  2281 | D:2      | Killed Natasha
  2282 | D:2      | Reached XP level 5. HP: 19/43 MP: 5/7
  2479 | D:2      | Noticed Natasha
  2590 | D:3      | Noticed a necrophage
  2599 | D:3      | Killed a necrophage
  2600 | D:3      | Reached XP level 6. HP: 46/50 MP: 8/8
  2648 | D:3      | Noticed Robin
  2674 | D:3      | Killed Robin
  2842 | D:3      | Noticed Jessica
  2853 | D:3      | Killed Jessica
  3114 | D:3      | Reached skill level 5 in Fighting
  3183 | D:3      | Noticed a sky beast
  3193 | D:3      | Killed a sky beast
  3832 | D:4      | Found a glowing drain.
  3851 | Sewer    | Entered a sewer
  3924 | Sewer    | Noticed a water moccasin
  3935 | Sewer    | HP: 2/51 [water moccasin (4)]
  3935 | Sewer    | Slain by a water moccasin

Illustrated notes

Levels and vault maps discovered:
D:1:      minmay_arrival_four_circles, layout_basic,
          shapermc_ecumenical_altar_pompeii, nrook_loot_triangle,
          minmay_misc_feat_tiny, hex_large, moated_statue
D:2:      layout_basic, uniq_natasha
D:3:      minmay_chambers_of_twos, layout_loops_ring, uniq_robin, uniq_jessica
D:4:      layout_loops_corners, jmf_multi_god_temple2, serial_rivers,
          chequers_serial_rivers_micro_a, chequers_serial_rivers_room_a,
          chequers_serial_rivers_room_a, chequers_serial_rivers_large_b,
          chequers_serial_rivers_small_b, portal_sewer_entry_d, uniq_menkaure
Sewer:    sewer_the_moccasin

Skill      XL: |  1  2  3  4  5  6 |
---------------+-------------------+-----
Invocations    | 1 2 |  2.4
Short Blades   | 1 2 |  2.2
Axes           | 1 2 |  2.2
Maces & Flails | 1 2 |  2.2
Polearms       | 1 2 |  2.2
Slings         | 1 2 |  2.2
Bows           | 1 2 |  2.2
Crossbows      | 1 2 |  2.2
Throwing       | 1 2 |  2.2
Armour         | 1 2 |  2.2
Dodging        | 1 2 |  2.2
Shields        | 1 2 |  2.2
Unarmed Combat | 1 2 |  2.2
Spellcasting   | 1 2 |  2.2
Evocations     | 1 2 |  2.2
Conjurations   | 1 |  1.7
Hexes          | 1 |  1.7
Summonings     | 1 |  1.7
Necromancy     | 1 |  1.7
Translocations | 1 |  1.7
Transmutations | 1 |  1.7
Fire Magic     | 1 |  1.7
Ice Magic      | 1 |  1.7
Air Magic      | 1 |  1.7
Earth Magic    | 1 |  1.7
Poison Magic   | 1 |  1.7
Stealth        | 3 |  3.2
Fighting       | 5 |  5.1
Long Blades    | |  8.8
Staves         | |  6.9

Action                   |  1- 3 |  4- 6 || total
-------------------------+-------+-------++-------
Melee: Mace              |    13 |    86 ||    99
       Short sword       |    75 |    44 ||   119
       Bite              |     6 |    11 ||    17
       Unarmed           |       |     8 ||     8
       Punch             |       |     1 ||     1
Throw: Boomerang         |     4 |    18 ||    22
  Use: Scroll            |       |     1 ||     1
 Stab: Sleeping          |     3 |       ||     3
Armor: Leather armour    |    37 |     9 ||    46
       Ring mail         |       |    56 ||    56
Dodge: Dodged            |    63 |    88 ||   151
